AoeStats
← AGE OF AI

Pilgrims

509422111Analyzed
4v4 RM · 7d ago on Sep 26, 2026· 29m 9s· 8 players
Game mode
Random Map
Map size
Large (8 player)
Population
200
Speed
Normal
Resources
Standard
Victory
Conquest
Starting age
Dark Age
Ending age
Imperial Age
RankedLock teamsTeams togetherTeam positionsShared explorationLock speedFull tech treeHidden civsTurbo modeCheats
Victory
Defeat
🇳🇱 Vikings · Netherlands
1036
+16
🇳🇱 Bengalis · Netherlands
1033
+16
🇳🇱 Spanish · Netherlands
1030
+16
🇧🇷 Varangians · Brazil
993
+17
🇲🇽 Vietnamese · Mexico
1045
-49
🇮🇳 Bohemians · India
1022
-16
🇮🇪 Spanish · Ireland
1018
-16
🇲🇽 Varangians · Mexico
1016
-16
SköllShadow
q721372930
4:02 Loom
13:08 Feudal Age
14:25 Man-at-Arms
15:49 Scale Mail Armor
18:52 Double-Bit Axe
18:50 Horse Collar
20:26 Forging
22:53 Wheelbarrow
27:31 Fletching
28:18 Stone Mining
Thanathos
7:08 Loom
12:41 Feudal Age
17:09 Man-at-Arms
19:40 Double-Bit Axe
20:35 Wheelbarrow
24:58 Castle Age
23:10 Forging
23:09 Gold Mining
23:05 Horse Collar
23:46 Padded Archer Armor
23:50 Stone Mining
24:49 Fletching
madmonk08
4:21 Loom
14:27 Feudal Age
16:54 Wheelbarrow
16:04 Town Watch
16:07 Double-Bit Axe
16:45 Fishing Lines
21:01 Castle Age
22:01 Forging
21:42 Fletching
21:53 Padded Archer Armor
21:59 Scale Barding Armor
21:56 Scale Mail Armor
23:29 Medium Warships
23:14 Gillnets
25:32 Pikeman
26:12 Squires
27:31 Hand Cart
30:45 Imperial Age
julian
6:49 Loom
10:34 Feudal Age
11:24 Double-Bit Axe
13:13 Gold Mining
13:11 Fishing Lines
20:02 Castle Age
19:26 Fletching
20:52 Gillnets
24:32 Bodkin Arrow
24:38 Padded Archer Armor
Ryu
7:15 Loom
10:13 Feudal Age
10:49 Fishing Lines
16:33 Castle Age
15:14 Double-Bit Axe
16:08 Horse Collar
23:28 Forging
23:50 Scale Barding Armor
25:16 Wheelbarrow
25:20 Iron Casting
25:23 Bloodlines
25:14 Husbandry
25:36 Chain Barding Armor
26:21 Town Watch
26:40 Heavy Plow
26:57 Bow Saw
AGE OF AI
5:28 Loom
13:02 Feudal Age
15:07 Double-Bit Axe
18:05 Castle Age
15:51 Horse Collar
17:47 Stone Mining
20:17 Fletching
20:43 Crossbowman
23:56 Wheelbarrow
23:47 Town Watch
29:01 Bodkin Arrow
29:06 Padded Archer Armor
aos.ceus
6:50 Loom
18:28 Feudal Age
20:01 Double-Bit Axe
24:02 Castle Age
21:55 Gold Mining
21:55 Stone Mining
22:28 Bloodlines
22:01 Horse Collar
24:08 Fishing Lines
26:17 Scale Barding Armor
26:23 Forging
32:04 Imperial Age
Connection lost

Rejoining the realm…

Still unreachable

The connection could not be restored.

Session expired

The server has moved on; the page needs a fresh start.